 Dungeon Crawl Stone Soup version 0.19-a0-1841-gf1e0166 (webtiles) character file.

167 rvmWR the Cudgeler (level 5, 0/61 HPs)
             Began as a Formicid Abyssal Knight on Oct 9, 2016.
             Was a Priest of Lugonu.
             Succumbed to an adder's poison
             ... on level 2 of the Dungeon.
             The game lasted 00:06:08 (2648 turns).

rvmWR the Cudgeler (Formicid Abyssal Knight)        Turns: 2648, Time: 00:06:09

Health: 0/61       AC: 22    Str: 16 (18) XL:     5   Next: 76%
Magic:  6/6        EV:  2    Int: 10 (11) God:    Lugonu [***...]
Gold:   143        SH:  0    Dex:  9 (10) Spells: 0 memorised, 4 levels left

rFire  . . .     SeeInvis .     a - +0 flail
rCold  . . .     Gourm    .     (armour currently unavailable)
rNeg   + + +     Faith    .     (no shield)
rPois  +         Spirit   .     (helmet unavailable)
rElec  .         Dismiss  .     (cloak currently unavailable)
rCorr  .         Reflect  .     (gloves currently unavailable)
MR     .....     Harm     .     (boots currently unavailable)
Stlth  +.........               (no amulet)
                                (no ring)
                                (no ring)

@: lethally poisoned (0 -> -2), tree-form
A: permanent stasis, dig shafts and tunnels, four strong arms, (antennae 0)
a: Depart the Abyss, Bend Space, Banish, Renounce Religion


You were on level 2 of the Dungeon.
You worshipped Lugonu.
Lugonu was most pleased with you.
You were not hungry.
You were a tree.
You visited 1 branch of the dungeon, and saw 3 of its levels.
You visited the Abyss 1 time.

You collected 143 gold pieces.

Inventory:

Hand Weapons
 a - a +0 flail (weapon)
Armour
 n - a +0 chain mail (melded)
Scrolls
 d - a scroll of recharging {unknown}
 e - a scroll of fog {unknown}
 g - a scroll of random uselessness {unknown}
 h - a scroll of enchant weapon {unknown}
 i - a scroll of identify
 k - 2 scrolls of teleportation {unknown}
Potions
 j - a potion of lignification
Comestibles
 b - a royal jelly
 c - 2 bread rations
 f - a meat ration
 l - a beef jerky
 m - 3 chunks of flesh


   Skills:
 - Level 3.2 Fighting
 + Level 5.5 Maces & Flails
 - Level 2.1 Armour
 - Level 0.8 Dodging
 - Level 2.1 Invocations


You had 4 spell levels left.
You didn't know any spells.

Dungeon Overview and Level Annotations

Branches:
Dungeon (3/15)

Altars:
Qazlal


Innate Abilities, Weirdness & Mutations

You are under a permanent stasis effect.
You can dig through walls and to a lower floor.
Your four strong arms can wield two-handed weapons with a shield.
((You have a pair of large antennae on your head. (SInv)))


Message History

You completely miss the adder.
You feel sick.
You are no longer poisoned.
The adder bites you but does no damage.
You hit the adder.
The adder is moderately wounded.
The adder bites you but does no damage. x2
You barely miss the adder.
The adder is moderately wounded.
The adder bites you.
* * * LOW HITPOINT WARNING * * *
You are lethally poisoned!
The adder poisons you!
You hit the adder but do no damage.
The adder is moderately wounded.
* * * LOW HITPOINT WARNING * * *
You feel sick. The adder bites you but does no damage.
It was a potion of degeneration.
There was something very wrong with that liquid.
You feel weakened.
You feel dopey.
You feel clumsy.
You die...

###### #....# #.##.#
#.##.########## #
#.##..........# ####
#.###########.# ...# #.#
#.# ##.####.###########.#
...............)♣##.#
.#............##S##.#
.#<...........##.##.#####
(##...........##.##.....#
.....[........##.##.###.#
(##...........##.##.# #.#
(##...........##.######.#
)###############........#
.########### ##########


You could see an adder.

Vanquished Creatures
  2 orc priests
  4 adders
  An ooze (D:1)
  A dart slug (D:1)
  4 leopard geckos
  6 orcs
  3 giant cockroaches
  7 goblins
  4 hobgoblins (D:2)
  5 jackals (D:2)
  7 kobolds
  4 bats
  5 frilled lizards
  5 rats
58 creatures vanquished.

Notes
Turn   | Place    | Note
-------+----------+-------------------------------------------
     0 | Abyss:1  | rvmWR the Formicid Abyssal Knight began the quest for the Orb.
     0 | Abyss:1  | Reached XP level 1. HP: 18/18 MP: 2/2
    11 | D:1      | Escaped the Abyss
   262 | D:1      | Reached XP level 2. HP: 18/24 MP: 3/3
   431 | D:1      | Reached skill level 3 in Maces & Flails
   866 | D:2      | Reached XP level 3. HP: 28/29 MP: 4/4
   880 | D:2      | Reached ** piety under Lugonu
   998 | D:2      | Found a faded altar of an unknown god.
  1274 | D:2      | Reached skill level 4 in Maces & Flails
  1274 | D:2      | Reached XP level 4. HP: 26/35 MP: 5/5
  1784 | D:2      | Found a stormy altar of Qazlal.
  2373 | D:3      | Reached skill level 5 in Maces & Flails
  2373 | D:3      | Reached XP level 5. HP: 25/41 MP: 6/6
  2636 | D:2      | Reached *** piety under Lugonu
  2643 | D:2      | HP: 3/61 [adder (2)]
  2647 | D:2      | HP: 1/61 [poisoned by an adder]
  2648 | D:2      | Succumbed to an adder's poison

Vault maps used:
D:1:      lemuel_arrival_rhombus, st_stairs_14, nrook_loot_triangle
D:2:      marbit_many_paths, ecumenical_altar_1
D:3:      nicolae_overflow_crystal_walls, tso_metal_star, first_bread,
          uniq_robin

Skill      XL: |  1  2  3  4 |
---------------+-------------+-----
Maces & Flails | 3 4 5 |  5.5
Fighting       | |  3.2
Armour         | |  2.1
Dodging        | |  0.8
Invocations    | |  2.1

Action                   |  1- 3 |  4- 6 || total
-------------------------+-------+-------++-------
Melee: Mace              |    88 |    64 ||   152
       Flail             |       |    67 ||    67
  Use: Scroll            |       |     1 ||     1
       Potion            |       |     2 ||     2
  Eat: Chunk             |     1 |     5 ||     6
Armor: Leather armour    |    35 |     1 ||    36
       Chain mail        |       |    48 ||    48
       Ring mail         |       |    12 ||    12
       Skin              |       |    18 ||    18
Dodge: Dodged            |    60 |    83 ||   143
